[Event "GambitGuide"]
[Site "Internet Chess Club"]
[Date "2014.10.31"]
[Round "1"]
[White "JSBach"]
[Black "JoseLL23"]
[Result "1-0"]
[ICCResult "Black resigns"]
[WhiteElo "1625"]
[BlackElo "1601"]
[Opening "Vienna: `Frankenstein-Dracula' variation"]
[ECO "C27"]
[NIC "VG.02"]
[Time "12:53:01"]
[TimeControl "120+12"]

1. e4 e5 2. Nc3 Nf6 3. Bc4 Nxe4 4. Qh5 Nd6 5. Bb3 Nc6 6. Nb5 g6 7. Qf3 f5 8.
Qd5 Qe7 9. Nxc7+ Kd8 10. Nxa8 b6 11. d3 Bb7 12. Nxb6 axb6 13. Qf3 Bg7 14.
Be3 b5 15. Bd5 Re8 16. Bb6+ Kc8 17. c4 e4 18. dxe4 Nxc4 19. Bxc4 Qb4+ 20.
Kd1 bxc4 21. Be3 Qxb2 22. Rc1 Rxe4 23. Qe2 Qb4 24. f3 Re6 25. Rxc4 Qb1+ 26.
Rc1 Rd6+ 27. Ke1 Qb4+ 28. Kf1 Kd8 29. Bg5+ Kc8 30. Qe8+ {Black resigns} 1-0

[Event "GambitGuide"]
[Site "Internet Chess Club"]
[Date "2014.10.31"]
[Round "1"]
[White "JSBach"]
[Black "pajaroloco"]
[Result "0-1"]
[ICCResult "White checkmated"]
[WhiteElo "1625"]
[BlackElo "2185"]
[Opening "Vienna: `Frankenstein-Dracula' variation"]
[ECO "C27"]
[NIC "VG.02"]
[Time "12:56:28"]
[TimeControl "120+12"]

1. e4 e5 2. Nc3 Nf6 3. Bc4 Nxe4 4. Qh5 Nd6 5. Bb3 Nc6 6. Nb5 g6 7. Qf3 f5 8.
Qd5 Qe7 9. Nxc7+ Kd8 10. Nxa8 b6 11. d3 Bb7 12. Nxb6 axb6 13. Qf3 Bg7 14.
Be3 Kc7 15. Bd5 e4 16. Qe2 exd3 17. Qxd3 Nb4 18. Qe2 Nxd5 19. O-O-O Nxe3 20.
fxe3 Ne4 21. Qb5 Bc6 22. Qa6 Ra8 23. Qc4 Qc5 24. Qd3 Rxa2 25. Kb1 Qa5 26.
Qa3 Rxa3 27. c4 Rb3 28. Rd4 Bxd4 29. exd4 Qd2 30. g3 Qxb2# {White
checkmated} 0-1

[Event "GambitGuide"]
[Site "Internet Chess Club"]
[Date "2014.10.31"]
[Round "1"]
[White "JSBach"]
[Black "baggieboy"]
[Result "1-0"]
[ICCResult "Black checkmated"]
[WhiteElo "1625"]
[BlackElo "1255"]
[Opening "Vienna: `Frankenstein-Dracula' variation"]
[ECO "C27"]
[NIC "VG.02"]
[Time "12:55:45"]
[TimeControl "120+12"]

1. e4 e5 2. Nc3 Nf6 3. Bc4 Nxe4 4. Qh5 Nd6 5. Bb3 Nc6 6. Nb5 g6 7. Qf3 f5 8.
Qd5 Qe7 9. Nxc7+ Kd8 10. Nxa8 b6 11. d3 e4 12. dxe4 Nxe4 13. Be3 Nb4 14. Qc4
d5 15. Rd1 Bd7 16. Qc7+ Ke8 17. Qxa7 Nxf2 18. Kxf2 Qh4+ 19. Kf1 f4 20. Nc7+
Kf7 21. Nxd5 fxe3 22. Qxd7+ Be7 23. Nxe7+ Kf8 24. Nxg6+ hxg6 25. Qf7#
{Black checkmated}
1-0

[Event "GambitGuide"]
[Site "Internet Chess Club"]
[Date "2014.10.31"]
[Round "1"]
[White "JSBach"]
[Black "Pdforma"]
[Result "1-0"]
[ICCResult "Black resigns"]
[WhiteElo "1625"]
[BlackElo "1400"]
[Opening "Vienna: `Frankenstein-Dracula' variation"]
[ECO "C27"]
[NIC "VG.02"]
[Time "12:56:55"]
[TimeControl "120+12"]

1. e4 e5 2. Nc3 Nf6 3. Bc4 Nxe4 4. Qh5 Nd6 5. Bb3 Nc6 6. Nb5 g6 7. Qf3 f5 8.
Qd5 Qe7 9. Nxc7+ Kd8 10. Nxa8 b6 11. d3 Bb7 12. Nxb6 axb6 13. Qf3 e4 14. Qe3
Bg7 15. Qxb6+ Kc8 16. Ne2 exd3 17. cxd3 Nd4 18. Be3 Nxe2 19. Kxe2 Re8 20.
Rac1+ {Black resigns} 1-0

[Event "GambitGuide"]
[Site "Internet Chess Club"]
[Date "2014.10.31"]
[Round "1"]
[White "JSBach"]
[Black "Heian"]
[Result "1-0"]
[ICCResult "Black resigns"]
[WhiteElo "1625"]
[BlackElo "1548"]
[Opening "Vienna: `Frankenstein-Dracula' variation"]
[ECO "C27"]
[NIC "VG.02"]
[Time "12:56:46"]
[TimeControl "120+12"]

1. e4 e5 2. Nc3 Nf6 3. Bc4 Nxe4 4. Qh5 Nd6 5. Bb3 Nc6 6. Nb5 g6 7. Qf3 f5 8.
Qd5 Qe7 9. Nxc7+ Kd8 10. Nxa8 b6 11. d3 b5 12. a4 b4 13. Nf3 h6 14. d4 e4
15. Ne5 Bb7 16. Nxg6 Qg7 17. Nxh8 Qxh8 18. Bf4 Qf6 19. Be5 Qe6 20. Qxc6 dxc6
21. Bxe6 Bxa8 22. Rd1 Ke7 23. Bxd6+ Kxe6 24. Bxf8 {Black resigns} 1-0

[Event "GambitGuide"]
[Site "Internet Chess Club"]
[Date "2014.10.31"]
[Round "1"]
[White "JSBach"]
[Black "baggieboy"]
[Result "1-0"]
[ICCResult "Black resigns"]
[WhiteElo "1625"]
[BlackElo "1255"]
[Opening "Vienna: `Frankenstein-Dracula' variation"]
[ECO "C27"]
[NIC "VG.02"]
[Time "12:57:19"]
[TimeControl "120+12"]

1. e4 e5 2. Nc3 Nf6 3. Bc4 Nxe4 4. Qh5 Nd6 5. Bb3 Nc6 6. Nb5 g6 7. Qf3 f5 8.
Qd5 Qe7 9. Nxc7+ Kd8 10. Nxa8 b6 11. d3 Ba6 12. Nf3 e4 13. Bg5 exf3+ 14.
Bxe7+ {Black resigns} 1-0

[Event "GambitGuide"]
[Site "Internet Chess Club"]
[Date "2014.10.31"]
[Round "1"]
[White "JSBach"]
[Black "pajaroloco"]
[Result "1-0"]
[ICCResult "Black resigns"]
[WhiteElo "1625"]
[BlackElo "2185"]
[Opening "Vienna: `Frankenstein-Dracula' variation"]
[ECO "C27"]
[NIC "VG.02"]
[Time "12:57:36"]
[TimeControl "120+12"]

1. e4 e5 2. Nc3 Nf6 3. Bc4 Nxe4 4. Qh5 Nd6 5. Bb3 Nc6 6. Nb5 g6 7. Qf3 f5 8.
Qd5 Qe7 9. Nxc7+ Kd8 10. Nxa8 b6 11. d3 Bb7 12. Nxb6 axb6 13. Qf3 Bg7 14.
Be3 e4 15. dxe4 Nxe4 16. Bxb6+ Kc8 17. Qe3 f4 18. Qe2 Re8 19. c3 Nd6 20.
Qxe7 Rxe7+ 21. Ne2 f3 22. gxf3 Ne5 23. O-O-O Nxf3 24. Ng3 Nf5 25. Nxf5 gxf5
26. Bd5 Bxd5 27. Rxd5 Re2 28. Rxf5 Ne5 29. Rd1 Kb7 30. Bd4 d6 31. Bxe5 Bxe5
32. f4 Rf2 33. Rf7+ Kc6 34. fxe5 Rxf7 35. Rxd6+ Kc5 36. b4+ {Black resigns}
1-0

[Event "GambitGuide"]
[Site "Internet Chess Club"]
[Date "2014.10.31"]
[Round "1"]
[White "JSBach"]
[Black "baggieboy"]
[Result "1-0"]
[ICCResult "Black resigns"]
[WhiteElo "1625"]
[BlackElo "1255"]
[Opening "Vienna: `Frankenstein-Dracula' variation"]
[ECO "C27"]
[NIC "VG.02"]
[Time "12:57:46"]
[TimeControl "120+12"]

1. e4 e5 2. Nc3 Nf6 3. Bc4 Nxe4 4. Qh5 Nd6 5. Bb3 Nc6 6. Nb5 g6 7. Qf3 f5 8.
Qd5 Qe7 9. Nxc7+ Kd8 10. Nxa8 b6 11. d3 Qh4 12. Nf3 Qg4 13. Bg5+ Be7 14.
Bxe7+ Kxe7 15. Nxe5 Qxg2 16. Nxc6+ dxc6 17. Qxg2 {Black resigns} 1-0

[Event "GambitGuide"]
[Site "Internet Chess Club"]
[Date "2014.10.31"]
[Round "1"]
[White "JSBach"]
[Black "lebko"]
[Result "1/2-1/2"]
[ICCResult "Black stalemated"]
[WhiteElo "1625"]
[BlackElo "1864"]
[Opening "Vienna: `Frankenstein-Dracula' variation"]
[ECO "C27"]
[NIC "VG.02"]
[Time "12:54:44"]
[TimeControl "120+12"]

1. e4 e5 2. Nc3 Nf6 3. Bc4 Nxe4 4. Qh5 Nd6 5. Bb3 Nc6 6. Nb5 g6 7. Qf3 f5 8.
Qd5 Qe7 9. Nxc7+ Kd8 10. Nxa8 b6 11. d3 Bb7 12. Nxb6 axb6 13. Qf3 e4 14. Qe3
Kc7 15. Ne2 Bg7 16. Nf4 Ne5 17. dxe4 Nxe4 18. Nd5+ Bxd5 19. Bxd5 Qc5 20.
Qxc5+ bxc5 21. Bf4 d6 22. f3 Nf6 23. Bxe5 dxe5 24. c4 Rb8 25. b3 Re8 26. Rd1
e4 27. fxe4 Nxe4 28. Kf1 Nc3 29. Rd2 Bd4 30. a3 Nxd5 31. cxd5 Kd6 32. Re2
Rb8 33. b4 Kxd5 34. bxc5 Bxc5 35. a4 Rb1+ 36. Re1 Rb4 37. Rd1+ Ke5 38. Rc1
Bd4 39. a5 Ra4 40. Ke1 Rxa5 41. Kd2 Ra2+ 42. Rc2 Ra3 43. Re1+ Kf6 44. Rc7 h5
45. Rc2 Kg5 46. Rc4 Bf6 47. h4+ Kh6 48. Re6 Bxh4 49. Rxh4 Ra2+ 50. Kd3 Rxg2
51. Rf4 Kg5 52. Rf3 h4 53. Ke3 Kh5 54. Rh3 g5 55. Kd4 g4 56. Rhe3 h3 57. Ke5
Rf2 58. Re7 Kg6 59. Kd4 Rf4+ 60. Kd5 h2 61. R3e6+ Kg5 62. Rg7+ Kh4 63. Rh7+
Kg3 64. Re2 Rf2 65. Rxf2 Kxf2 66. Rxh2+ Kg3 67. Rh7 f4 68. Rh1 f3 69. Ke4
Kg2 70. Rb1 g3 71. Ke3 f2 72. Ke2 Kh2 73. Kf3 f1=Q+ 74. Rxf1 g2 75. Rf2 Kh1
76. Rxg2 {Black stalemated} 1/2-1/2

[Event "GambitGuide"]
[Site "Internet Chess Club"]
[Date "2014.10.31"]
[Round "1"]
[White "JSBach"]
[Black "ram75"]
[Result "1-0"]
[ICCResult "Black resigns"]
[WhiteElo "1625"]
[BlackElo "1209"]
[Opening "Vienna: `Frankenstein-Dracula' variation"]
[ECO "C27"]
[NIC "VG.02"]
[Time "12:57:24"]
[TimeControl "120+12"]

1. e4 e5 2. Nc3 Nf6 3. Bc4 Nxe4 4. Qh5 Nd6 5. Bb3 Nc6 6. Nb5 g6 7. Qf3 f5 8.
Qd5 Qe7 9. Nxc7+ Kd8 10. Nxa8 b6 11. d3 Bg7 12. h4 Re8 13. Bg5 Bf6 14. Nf3
e4 15. dxe4 Nxe4 16. O-O-O Nxf2 17. Rhe1 Qf7 18. Qxf7 {Black resigns} 1-0

[Event "GambitGuide"]
[Site "Internet Chess Club"]
[Date "2014.10.31"]
[Round "1"]
[White "JSBach"]
[Black "pajaroloco"]
[Result "1-0"]
[ICCResult "Black resigns"]
[WhiteElo "1625"]
[BlackElo "2185"]
[Opening "Vienna: `Frankenstein-Dracula' variation"]
[ECO "C27"]
[NIC "VG.02"]
[Time "12:58:23"]
[TimeControl "120+12"]

1. e4 e5 2. Nc3 Nf6 3. Bc4 Nxe4 4. Qh5 Nd6 5. Bb3 Nc6 6. Nb5 g6 7. Qf3 f5 8.
Qd5 Qe7 9. Nxc7+ Kd8 10. Nxa8 b6 11. d3 Bb7 12. Nxb6 axb6 13. Qf3 Bg7 14.
Be3 Kc7 15. Bd5 e4 16. Qe2 exd3 17. Qxd3 f4 18. O-O-O fxe3 19. Qxe3 Qxe3+
20. fxe3 Bh6 21. Kd2 Nf5 22. Re1 Re8 23. Kc1 Nxe3 24. Kb1 Re7 25. Bxc6 Bxc6
26. Nf3 Nxg2 27. Rxe7 {Black resigns} 1-0

[Event "GambitGuide"]
[Site "Internet Chess Club"]
[Date "2014.10.31"]
[Round "1"]
[White "JSBach"]
[Black "baggieboy"]
[Result "1-0"]
[ICCResult "Black resigns"]
[WhiteElo "1625"]
[BlackElo "1255"]
[Opening "Vienna: `Frankenstein-Dracula' variation"]
[ECO "C27"]
[NIC "VG.02"]
[Time "12:58:33"]
[TimeControl "120+12"]

1. e4 e5 2. Nc3 Nf6 3. Bc4 Nxe4 4. Qh5 Nd6 5. Bb3 Nc6 6. Nb5 g6 7. Qf3 f5 8.
Qd5 Qe7 9. Nxc7+ Kd8 10. Nxa8 b6 11. d3 Bb7 12. Nxb6 axb6 13. Qf3 Kc7 14.
Be3 e4 15. Qf4 g5 16. Qxg5 {Black resigns} 1-0

[Event "GambitGuide"]
[Site "Internet Chess Club"]
[Date "2014.10.31"]
[Round "1"]
[White "JSBach"]
[Black "ODRB"]
[Result "1-0"]
[ICCResult "Black resigns"]
[WhiteElo "1625"]
[BlackElo "1269"]
[Opening "Vienna: `Frankenstein-Dracula' variation"]
[ECO "C27"]
[NIC "VG.02"]
[Time "12:58:15"]
[TimeControl "120+12"]

1. e4 e5 2. Nc3 Nf6 3. Bc4 Nxe4 4. Qh5 Nd6 5. Bb3 Nc6 6. Nb5 g6 7. Qf3 f5 8.
Qd5 Qe7 9. Nxc7+ Kd8 10. Nxa8 b6 11. d3 Bb7 12. Nxb6 axb6 13. Qf3 Bg7 14.
Be3 Kc7 15. Bd5 Ra8 16. Rd1 Ra4 17. c3 Qf6 18. Ne2 Ne7 19. Bxb7 Nxb7 20. a3
Ra8 21. d4 d5 22. dxe5 Qxe5 23. Bf4 {Black resigns} 1-0

[Event "GambitGuide"]
[Site "Internet Chess Club"]
[Date "2014.10.31"]
[Round "1"]
[White "JSBach"]
[Black "Heian"]
[Result "1-0"]
[ICCResult "Black resigns"]
[WhiteElo "1625"]
[BlackElo "1548"]
[Opening "Vienna: `Frankenstein-Dracula' variation"]
[ECO "C27"]
[NIC "VG.02"]
[Time "12:57:41"]
[TimeControl "120+12"]

1. e4 e5 2. Nc3 Nf6 3. Bc4 Nxe4 4. Qh5 Nd6 5. Bb3 Nc6 6. Nb5 g6 7. Qf3 f5 8.
Qd5 Qe7 9. Nxc7+ Kd8 10. Nxa8 b6 11. d3 Bb7 12. Nxb6 axb6 13. Qf3 Kc7 14.
Bd2 Nd4 15. Qg3 f4 16. Qg4 Nxb3 17. axb3 Bg7 18. Nf3 Re8 19. Ra7 Nc8 20. Ra4
Bc6 21. Rc4 b5 22. Bb4 Qf7 23. Rc3 Nb6 24. Ng5 Qg8 25. Ne4 Nd5 26. Bd6+ Kb6
27. Rc5 Nf6 28. Qe2 Re6 29. Rxe5 Nxe4 30. Rxe6 Qxe6 31. Bxf4 Qf6 32. Qe3+
Nc5 33. b4 d6 34. bxc5+ dxc5 35. Bg5 Qxb2 36. Bd8+ Ka6 37. Qxc5 Qc1+ 38. Ke2
Qxc2+ 39. Qxc2 {Black resigns} 1-0

[Event "GambitGuide"]
[Site "Internet Chess Club"]
[Date "2014.10.31"]
[Round "1"]
[White "JSBach"]
[Black "JoseLL23"]
[Result "1-0"]
[ICCResult "Black resigns"]
[WhiteElo "1625"]
[BlackElo "1601"]
[Opening "Vienna: `Frankenstein-Dracula' variation"]
[ECO "C27"]
[NIC "VG.02"]
[Time "12:58:19"]
[TimeControl "120+12"]

1. e4 e5 2. Nc3 Nf6 3. Bc4 Nxe4 4. Qh5 Nd6 5. Bb3 Nc6 6. Nb5 g6 7. Qf3 f5 8.
Qd5 Qe7 9. Nxc7+ Kd8 10. Nxa8 b6 11. d3 Bb7 12. Nxb6 axb6 13. Qf3 Bg7 14.
Qh3 e4 15. Ne2 exd3 16. Qxd3 Ne5 17. Qg3 Ne4 18. Qe3 h5 19. Qxb6+ Kc8 20.
Bf4 Qc5 21. Be3 Qxb6 22. Bxb6 Ng4 23. c3 Bh6 24. Rd1 Re8 25. Bf7 Re7 26.
Bxg6 {Black resigns} 1-0

[Event "GambitGuide"]
[Site "Internet Chess Club"]
[Date "2014.10.31"]
[Round "1"]
[White "JSBach"]
[Black "nsideurheadbro"]
[Result "1-0"]
[ICCResult "Black resigns"]
[WhiteElo "1625"]
[BlackElo "1184"]
[Opening "Vienna: `Frankenstein-Dracula' variation"]
[ECO "C27"]
[NIC "VG.02"]
[Time "12:58:10"]
[TimeControl "120+12"]

1. e4 e5 2. Nc3 Nf6 3. Bc4 Nxe4 4. Qh5 Nd6 5. Bb3 Nc6 6. Nb5 g6 7. Qf3 f5 8.
Qd5 Qe7 9. Nxc7+ Kd8 10. Nxa8 b6 11. d3 Bb7 12. Nxb6 axb6 13. Qf3 Nd4 14.
Qg3 f4 15. Qg4 Bh6 16. Ba4 b5 17. Bb3 e4 18. Kf1 Rf8 19. Qh3 e3 20. Qxh6
N6f5 21. Qh3 e2+ 22. Ke1 f3 23. gxf3 Nxf3+ 24. Nxf3 Nh4 25. Qxh4 Qxh4 26.
Nxh4 Bxh1 27. Be3 g5 28. Bxg5+ Kc7 29. Be3 Rg8 30. Bxg8 {Black resigns} 1-0

[Event "GambitGuide"]
[Site "Internet Chess Club"]
[Date "2014.10.31"]
[Round "1"]
[White "JSBach"]
[Black "ChijFrioTico"]
[Result "1-0"]
[ICCResult "Black resigns"]
[WhiteElo "1625"]
[BlackElo "1400"]
[Opening "Vienna: `Frankenstein-Dracula' variation"]
[ECO "C27"]
[NIC "VG.02"]
[Time "12:59:44"]
[TimeControl "120+12"]

1. e4 e5 2. Nc3 Nf6 3. Bc4 Nxe4 4. Qh5 Nd6 5. Bb3 Nc6 6. Nb5 g6 7. Qf3 f5 8.
Qd5 Qe7 9. Nxc7+ Kd8 10. Nxa8 b6 11. d3 Bb7 12. Nxb6 axb6 13. Qf3 f4 14. Qg4
e4 15. Bxf4 exd3+ 16. Kd1 {Black resigns} 1-0

[Event "GambitGuide"]
[Site "Internet Chess Club"]
[Date "2014.10.31"]
[Round "1"]
[White "JSBach"]
[Black "lebko"]
[Result "1-0"]
[ICCResult "Black resigns"]
[WhiteElo "1625"]
[BlackElo "1864"]
[Opening "Vienna: `Frankenstein-Dracula' variation"]
[ECO "C27"]
[NIC "VG.02"]
[Time "12:58:52"]
[TimeControl "120+12"]

1. e4 e5 2. Nc3 Nf6 3. Bc4 Nxe4 4. Qh5 Nd6 5. Bb3 Nc6 6. Nb5 g6 7. Qf3 f5 8.
Qd5 Qe7 9. Nxc7+ Kd8 10. Nxa8 b6 11. d3 Bb7 12. Nxb6 axb6 13. Qf3 Bg7 14.
Be3 Kc7 15. Bd5 f4 16. Bxb6+ Kxb6 17. c3 Kc7 18. b4 Rb8 19. a4 Nd8 20. Bxb7
N8xb7 21. Ne2 Nf5 22. Qd5 Qd6 23. Qe4 Nd8 24. b5 Ne6 25. O-O Nc5 26. Qc4 Kd8
27. Rfd1 Ke7 28. d4 Nb7 29. dxe5 Qxe5 30. Rd5 Qe6 31. Nxf4 Qf7 32. Rxd7+
Kxd7 33. Qxf7+ {Black resigns} 1-0

[Event "GambitGuide"]
[Site "Internet Chess Club"]
[Date "2014.10.31"]
[Round "1"]
[White "JSBach"]
[Black "ChijFrioTico"]
[Result "1-0"]
[ICCResult "Black resigns"]
[WhiteElo "1625"]
[BlackElo "1400"]
[Opening "Vienna: `Frankenstein-Dracula' variation"]
[ECO "C27"]
[NIC "VG.02"]
[Time "13:00:31"]
[TimeControl "120+12"]

1. e4 e5 2. Nc3 Nf6 3. Bc4 Nxe4 4. Qh5 Nd6 5. Bb3 Nc6 6. Nb5 g6 7. Qf3 f5 8.
Qd5 Qe7 9. Nxc7+ Kd8 10. Nxa8 b6 11. d3 Bb7 12. Nxb6 axb6 13. Qf3 h6 14. Qg3
e4 15. Be3 Bg7 16. dxe4 Nxe4 17. Bxb6+ {Black resigns} 1-0

[Event "GambitGuide"]
[Site "Internet Chess Club"]
[Date "2014.10.31"]
[Round "1"]
[White "JSBach"]
[Black "Pdforma"]
[Result "0-1"]
[ICCResult "White checkmated"]
[WhiteElo "1625"]
[BlackElo "1400"]
[Opening "Vienna: `Frankenstein-Dracula' variation"]
[ECO "C27"]
[NIC "VG.02"]
[Time "12:57:42"]
[TimeControl "120+12"]

1. e4 e5 2. Nc3 Nf6 3. Bc4 Nxe4 4. Qh5 Nd6 5. Bb3 Nc6 6. Nb5 g6 7. Qf3 f5 8.
Qd5 Qe7 9. Nxc7+ Kd8 10. Nxa8 b6 11. d3 Bb7 12. Nxb6 axb6 13. Qf3 e4 14.
dxe4 Nxe4 15. Be3 Bg7 16. Bxb6+ Kc8 17. Qe3 Bxb2 18. Rb1 Qb4+ 19. c3 Bxc3+
20. Kd1 Bd4 21. Bxd4 Qxd4+ 22. Qxd4 Nxd4 23. Ke1 Re8 24. Bf7 Re7 25. Rxb7
Kxb7 26. Bd5+ Kc7 27. Bxe4 Rxe4+ 28. Kd1 Kb6 29. f3 Re6 30. Kd2 Ka5 31. Kd3
Nc6 32. Kc4 Ka4 33. g4 fxg4 34. fxg4 Re4+ 35. Kc5 Rxg4 36. Nf3 Rf4 37. Rf1
Ne5 38. Nd2 Rxf1 39. Nxf1 Nf3 40. Kd5 Ka3 41. Kd6 Kxa2 42. Kxd7 Nxh2 43.
Nxh2 h5 44. Nf3 Kb3 45. Ng5 Kc4 46. Ne6 Kd5 47. Nf8 g5 48. Ne6 g4 49. Nf4+
Ke4 50. Nxh5 Kf5 51. Ng7+ Kg5 52. Ne8 g3 53. Ke6 g2 54. Nd6 Kf4 55. Kd5 g1=Q
56. Ke6 Qe3+ 57. Kd5 Qe5+ 58. Kc6 Qc3+ 59. Kd5 Qd3+ 60. Ke6 Qd4 61. Nf7 Qe4+
62. Kd6 Kf5 63. Nh6+ Kg6 64. Ng8 Kf7 65. Ne7 Qxe7+ 66. Kd5 Qe6+ 67. Kc5 Ke7
68. Kd4 Qf5 69. Kc4 Qe5 70. Kd3 Qf4 71. Kc3 Qe4 72. Kd2 Qf3 73. Kc2 Qe3 74.
Kb2 Qd3 75. Ka2 Qb5 76. Ka3 Kd6 77. Ka2 Kc5 78. Ka1 Kc4 79. Ka2 Kc3 80. Ka3
Qa5# {White checkmated} 0-1

[Event "GambitGuide"]
[Site "Internet Chess Club"]
[Date "2014.10.31"]
[Round "1"]
[White "JSBach"]
[Black "JoseLL23"]
[Result "1-0"]
[ICCResult "Black resigns"]
[WhiteElo "1625"]
[BlackElo "1601"]
[Opening "Vienna: `Frankenstein-Dracula' variation"]
[ECO "C27"]
[NIC "VG.02"]
[Time "13:01:11"]
[TimeControl "120+12"]

1. e4 e5 2. Nc3 Nf6 3. Bc4 Nxe4 4. Qh5 Nd6 5. Bb3 Nc6 6. Nb5 g6 7. Qf3 f5 8.
Qd5 Qe7 9. Nxc7+ Kd8 10. Nxa8 b6 11. d3 Bb7 12. Nxb6 axb6 13. Qf3 Bg7 14.
Be3 b5 15. Bd5 Re8 16. c3 e4 17. dxe4 Nxe4 18. Rd1 b4 19. Ne2 bxc3 20. bxc3
Nxc3 21. Rc1 Nxe2 22. Qxe2 f4 23. Bb6+ Kc8 24. Qxe7 Rxe7+ 25. Kd2 Kb8 26.
Bc5 Re5 27. Bd6+ Ka8 28. Bxe5 Bxe5 29. a4 f3 30. g3 {Black resigns} 1-0

[Event "GambitGuide"]
[Site "Internet Chess Club"]
[Date "2014.10.31"]
[Round "1"]
[White "JSBach"]
[Black "lrsrihari"]
[Result "1-0"]
[ICCResult "Black checkmated"]
[WhiteElo "1625"]
[BlackElo "1738"]
[Opening "Vienna: `Frankenstein-Dracula' variation"]
[ECO "C27"]
[NIC "VG.02"]
[Time "13:01:36"]
[TimeControl "120+12"]

1. e4 e5 2. Nc3 Nf6 3. Bc4 Nxe4 4. Qh5 Nd6 5. Bb3 Nc6 6. Nb5 g6 7. Qf3 f5 8.
Qd5 Qe7 9. Nxc7+ Kd8 10. Nxa8 b6 11. d3 Bb7 12. Nxb6 axb6 13. Qf3 Nd4 14.
Qh3 e4 15. Be3 Nxb3 16. Bxb6+ Kc8 17. axb3 exd3+ 18. Kf1 d2 19. Qc3+ Bc6 20.
Qxh8 Kb7 21. Bd4 Bh6 22. Ra7# {Black checkmated} 1-0

[Event "GambitGuide"]
[Site "Internet Chess Club"]
[Date "2014.10.31"]
[Round "1"]
[White "JSBach"]
[Black "lebko"]
[Result "1-0"]
[ICCResult "Black resigns"]
[WhiteElo "1625"]
[BlackElo "1864"]
[Opening "Vienna: `Frankenstein-Dracula' variation"]
[ECO "C27"]
[NIC "VG.02"]
[Time "13:01:06"]
[TimeControl "120+12"]

1. e4 e5 2. Nc3 Nf6 3. Bc4 Nxe4 4. Qh5 Nd6 5. Bb3 Nc6 6. Nb5 g6 7. Qf3 f5 8.
Qd5 Qe7 9. Nxc7+ Kd8 10. Nxa8 b6 11. d3 Bb7 12. Nxb6 axb6 13. Qf3 e4 14. Qe3
Kc7 15. dxe4 Nxe4 16. Nf3 Bg7 17. O-O Qc5 18. Re1 Qxe3 19. Rxe3 Nd4 20. Nxd4
Bxd4 21. Re2 Ba6 22. Bf4+ d6 23. c4 g5 24. Be3 Be5 25. f3 Nc5 26. Bxg5 Rg8
27. Be3 d5 28. Bxc5 bxc5 29. Rxe5 {Black resigns} 1-0

[Event "GambitGuide"]
[Site "Internet Chess Club"]
[Date "2014.10.31"]
[Round "1"]
[White "JSBach"]
[Black "littlecaesar"]
[Result "1/2-1/2"]
[ICCResult "Game drawn because neither player has mating material"]
[WhiteElo "1625"]
[BlackElo "2521"]
[Opening "Vienna: `Frankenstein-Dracula' variation"]
[ECO "C27"]
[NIC "VG.02"]
[Time "12:57:49"]
[TimeControl "120+12"]

1. e4 e5 2. Nc3 Nf6 3. Bc4 Nxe4 4. Qh5 Nd6 5. Bb3 Nc6 6. Nb5 g6 7. Qf3 f5 8.
Qd5 Qe7 9. Nxc7+ Kd8 10. Nxa8 b6 11. d3 Bg7 12. Nh3 Bb7 13. Bg5 Bf6 14. Nxb6
axb6 15. O-O Nd4 16. Qxd4 exd4 17. Rae1 Qg7 18. Bf4 Nc8 19. f3 g5 20. Bb8 g4
21. fxg4 Qxg4 22. Nf4 Bh4 23. Re2 Re8 24. Bc7+ Kxc7 25. Rxe8 Bg5 26. h3 Qg3
27. Nd5+ Bxd5 28. Bxd5 Be3+ 29. Kh1 Nd6 30. Re7 Qg6 31. Be6 Qxe6 32. Rxe6
dxe6 33. Rd1 e5 34. Kh2 h5 35. g3 Kc6 36. Re1 Kd5 37. Rf1 b5 38. Rd1 b4 39.
a3 bxa3 40. bxa3 Nb5 41. a4 Nc3 42. Ra1 Kc6 43. a5 Kb7 44. a6+ Ka7 45. Ra5
f4 46. Rxe5 Kxa6 47. Rxh5 f3 48. g4 Ne2 49. Rd5 f2 50. Rf5 Nf4 51. Rf6+ Kb5
52. Rxf4 Bxf4+ 53. Kg2 Bg5 54. Kxf2 Kb4 55. Kf3 Kc3 56. Kg3 Kxc2 57. h4 Bf6
58. g5 Bh8 59. Kf4 Kxd3 60. h5 Ke2 61. h6 d3 62. g6 Bd4 63. g7 d2 64. g8=Q
d1=Q 65. Qg4+ Kd2 66. Qxd1+ Kxd1 67. Kg5 Be3+ 68. Kg6 Bxh6
{Game drawn because neither player has mating material}
1/2-1/2

[Event "GambitGuide"]
[Site "Internet Chess Club"]
[Date "2014.10.31"]
[Round "1"]
[White "JSBach"]
[Black "ram75"]
[Result "1-0"]
[ICCResult "Black resigns"]
[WhiteElo "1625"]
[BlackElo "1209"]
[Opening "Vienna: `Frankenstein-Dracula' variation"]
[ECO "C27"]
[NIC "VG.02"]
[Time "12:59:02"]
[TimeControl "120+12"]

1. e4 e5 2. Nc3 Nf6 3. Bc4 Nxe4 4. Qh5 Nd6 5. Bb3 Nc6 6. Nb5 g6 7. Qf3 f5 8.
Qd5 Qe7 9. Nxc7+ Kd8 10. Nxa8 b6 11. d3 Bg7 12. Nh3 Re8 13. Bg5 Bf6 14. O-O
Nf7 15. Bxf6 Qxf6 16. Qxf7 Qxf7 17. Bxf7 {Black resigns} 1-0

[Event "GambitGuide"]
[Site "Internet Chess Club"]
[Date "2014.10.31"]
[Round "1"]
[White "JSBach"]
[Black "ram75"]
[Result "1-0"]
[ICCResult "Black resigns"]
[WhiteElo "1625"]
[BlackElo "1209"]
[Opening "Vienna: `Frankenstein-Dracula' variation"]
[ECO "C27"]
[NIC "VG.02"]
[Time "13:04:08"]
[TimeControl "120+12"]

1. e4 e5 2. Nc3 Nf6 3. Bc4 Nxe4 4. Qh5 Nd6 5. Bb3 Nc6 6. Nb5 g6 7. Qf3 f5 8.
Qd5 Qe7 9. Nxc7+ Kd8 10. Nxa8 b6 11. d3 Bg7 12. Nh3 Ke8 13. Nc7+ {Black
resigns} 1-0

[Event "GambitGuide"]
[Site "Internet Chess Club"]
[Date "2014.10.31"]
[Round "1"]
[White "JSBach"]
[Black "JoseLL23"]
[Result "1-0"]
[ICCResult "Black resigns"]
[WhiteElo "1625"]
[BlackElo "1601"]
[Opening "Vienna: `Frankenstein-Dracula' variation"]
[ECO "C27"]
[NIC "VG.02"]
[Time "13:02:43"]
[TimeControl "120+12"]

1. e4 e5 2. Nc3 Nf6 3. Bc4 Nxe4 4. Qh5 Nd6 5. Bb3 Nc6 6. Nb5 g6 7. Qf3 f5 8.
Qd5 Qe7 9. Nxc7+ Kd8 10. Nxa8 b6 11. d3 Bb7 12. Nxb6 axb6 13. Qf3 Bg7 14.
Be3 b5 15. Bd5 Re8 16. Bc5 e4 17. dxe4 Bxb2 18. Rd1 Qe5 19. Bxd6 Qxd6 20.
Qb3 Bd4 21. Ne2 Ba7 22. Qxb5 Qc7 23. Rb1 Kc8 24. exf5 gxf5 25. O-O Bb8 26.
Ng3 Ba7 27. Nxf5 Rf8 28. Qxb7+ Qxb7 29. Nd6+ Kc7 30. Nxb7 {Black resigns}
1-0

[Event "GambitGuide"]
[Site "Internet Chess Club"]
[Date "2014.10.31"]
[Round "1"]
[White "JSBach"]
[Black "ChijFrioTico"]
[Result "1-0"]
[ICCResult "Black resigns"]
[WhiteElo "1625"]
[BlackElo "1400"]
[Opening "Vienna: `Frankenstein-Dracula' variation"]
[ECO "C27"]
[NIC "VG.02"]
[Time "13:05:16"]
[TimeControl "120+12"]

1. e4 e5 2. Nc3 Nf6 3. Bc4 Nxe4 4. Qh5 Nd6 5. Bb3 Nc6 6. Nb5 g6 7. Qf3 f5 8.
Qd5 Qe7 9. Nxc7+ Kd8 10. Nxa8 b6 11. d3 Bb7 12. Nxb6 axb6 13. Qf3 Nd4 14.
Qg3 f4 15. Qg4 Bg7 16. Ba4 {Black resigns} 1-0